 Dungeon Crawl Stone Soup version 0.30-b1-2-g02819fbbbe (webtiles) character file.

Game seed: 10122588654644733938

1790118 Ralhos the Axe Maniac (level 26, 239/239 HPs)
             Began as a Minotaur Berserker on Nov 21, 2023.
             Was a High Priest of Trog.
             Escaped with the Orb
             ... and 3 runes!
             The game lasted 03:24:26 (59572 turns).

Ralhos the Axe Maniac (Minotaur Berserker)         Turns: 59572, Time: 03:24:26

Health: 239/239    AC: 57    Str: 45    XL:     26   Next: 7%
Magic:  22/22      EV: 10    Int:  5    God:    Trog [*****.]
Gold:   272        SH: 38    Dex:  8    Spells: 25/25 levels left

rFire   + + .        w - +9 broad axe (vamp)
rCold   + + .        q - +10 tower shield of Ignorance {rN+ Int-4}
rNeg    + . .        x - +18 crystal plate armour of Light {Str+3 Dex-5}
rPois   .            V - +0 hat of Depression {rElec Int+4 Dex+2}
rElec   +            y - scarf {rC+ rF+}
rCorr   .            Z - +2 pair of gloves {Str+3}
SInv    .            k - +2 pair of boots {rampage}
Will    ++...        Y - amulet of reflection Stlth
                     N - ring of Law {rElec rF+ rC+ Str+4 Dex-4}
HPRegen 0.59/turn    v - ring of Ytosch {Will+ Int+3}
MPRegen 0.18/turn

%: reflection, rampage
@: studying Long Blades
A: horns 2, retaliatory headbutt, iridescent scales 1, agile 1, frail 1, strong
1, teleportitis 1, MP-powered wands
0: Orb of Zot
}: 3/15 runes: barnacled, silver, gossamer
a: Renounce Religion, Berserk, Trog's Hand, Brothers in Arms


You escaped.
You worshipped Trog.
Trog was extremely pleased with you.
You visited 10 branches of the dungeon, and saw 51 of its levels.
You also visited: Bailey, Gauntlet, Ice Cave and Desolation.

You collected 7732 gold pieces.
You spent 7460 gold pieces at shops.

Inventory:

Hand Weapons
 w - a +9 vampiric broad axe (weapon)
 U - a +6 broad axe of flaming
Missiles
 a - 26 boomerangs
 c - 7 throwing nets
 e - 4 javelins
 j - 404 stones (quivered)
 r - 10 silver javelins
 z - 6 boomerangs of dispersal
Armour
 k - a +2 pair of boots of rampaging (worn)
 q - the +10 tower shield of Ignorance (worn) {rN+ Int-4}
   (You found it on level 5 of the Vaults)

   Int:       It affects your intelligence (-4).
   rN:        It protects you from negative energy.
 x - the +18 crystal plate armour of Light (worn) {Str+3 Dex-5}
   (You acquired it on level 8 of the Dungeon)

   Str:       It affects your strength (+3).
   Dex:       It affects your dexterity (-5).
 y - a scarf of resistance (worn)
 V - the +0 hat of Depression (worn) {rElec Int+4 Dex+2}
   (You found it on level 4 of the Shoals)

   Int:       It affects your intelligence (+4).
   Dex:       It affects your dexterity (+2).
   rElec:     It insulates you from electricity.
 X - a +2 cloak of preservation
 Z - a +2 pair of gloves of strength (worn)
Jewellery
 v - the ring of Ytosch (right hand) {Will+ Int+3}
   (You found it in a Gauntlet)

   [ring of willpower]

   Int:       It affects your intelligence (+3).
   Will:      It increases your willpower.
 N - the ring of Law (left hand) {rElec rF+ rC+ Str+4 Dex-4}
   (You found it in an ice cave)

   [ring of protection from fire]

   Str:       It affects your strength (+4).
   Dex:       It affects your dexterity (-4).
   rF:        It protects you from fire.
   rC:        It protects you from cold.
   rElec:     It insulates you from electricity.
 O - a ring of see invisible
 Q - the ring of Elyvilon's Respect {Fly rPois rF+}
   (You found it on level 4 of the Depths)

   [ring of poison resistance]

   rF:        It protects you from fire.
   rPois:     It protects you from poison.
   Fly:       It grants you flight.
 Y - an amulet of reflection (around neck)
Wands
 f - a wand of roots (54)
 A - a wand of paralysis (48)
 F - a wand of quicksilver (81)
 H - a wand of flame (73)
 I - a wand of digging (17)
 J - a wand of polymorph (36)
 M - a wand of mindburst (71)
Scrolls
 d - 28 scrolls of teleportation
 i - 10 scrolls of poison
 n - 3 scrolls of summoning
 p - 9 scrolls of blinking
 s - 4 scrolls of fog
 K - 2 scrolls of magic mapping
 P - 9 scrolls of fear
 T - 4 scrolls of silence
Potions
 b - 17 potions of heal wounds
 g - 25 potions of curing
 h - 2 potions of magic
 l - 3 potions of ambrosia
 o - 6 potions of lignification
 u - 9 potions of might
 B - 3 potions of resistance
 C - 16 potions of haste
 D - 2 potions of invisibility
 G - 4 potions of mutation
 L - 2 potions of cancellation
 W - a potion of flight
Miscellaneous
 m - a lightning rod (4/4)
 t - a phial of floods
 E - a phantom mirror
 R - a box of beasts
 S - a condenser vane


   Skills:
 O Level 27 Fighting
 O Level 27 Axes
 - Level 24.5 Armour
 - Level 6.0 Dodging
 O Level 27 Shields
 + Level 18.6 Evocations


You had 25 spell levels left.
You didn't know any spells.
Your spell library was empty.

Dungeon Overview and Level Annotations

Branches:
Dungeon (15/15)            Temple (0/1) D:6            Lair (5/5) D:11
 Shoals (4/4) Lair:3       Spider (4/4) Lair:2        Slime (4/5) Lair:4
    Orc (2/2) D:9             Elf (3/3) Orc:2        Vaults (5/5) D:14
  Crypt (0/3) Vaults:3     Depths (4/4) D:15            Zot (5/5) Depths:4
 Bailey (visited)           IceCv (visited)         Desolation (visited)
Gauntlet (visited)

Altars:
Ashenzari
Cheibriados
Dithmenos
Elyvilon
Fedhas
Gozag
Hepliaklqana
Nemelex Xobeh
Okawaru
Qazlal
Ru
Trog
Uskayaw
Vehumet
Yredelemnul
Zin
Jiyva

Shops:
D:5 (   D:9 [   D:11 (   D:12 *   Orc:1 (   Orc:2 (:*[   Elf:2 !(   Elf:3 [
Shoals:2 *   Vaults:2 (   Vaults:3 !   Vaults:4 [   Depths:4 [

Portals:
Hell: Depths:1 Depths:2 Depths:3 Depths:4
Abyss: Depths:3 Depths:4
Pandemonium: Depths:1 Depths:2
Ziggurat: Depths:1

Annotations:
Elf:3 exclusion: orange crystal statue


Innate Abilities, Weirdness & Mutations

You have a pair of horns on your head.
You reflexively headbutt those who attack you in melee.
You are partially covered in iridescent scales. (AC +2)
You are agile. (Dex +4, Str/Int -1)
You are frail. (-10% HP)
Your muscles are strong. (Str +4, Int/Dex -1)
You are occasionally teleported next to monsters.
You expend magic power (3 MP) to strengthen your wands.


Message History

Bimuwoc moves out of view.
You see here a +0 flail.
There is a stone staircase leading up here.
You climb upwards.
There is a stone staircase leading down here.
(D) Dungeon (T) Temple (L) Lair (A) Shoals (N) Spider Nest (M) Slime Pits (O) Orcish Mines (E) Elven Halls (V) Vaults (C) Crypt (U) Depths (H) Hell (Z) Zot
Where to? (Enter - D:1 @ (x,y), ? - help)
What level of the Dungeon? (default 1, ? - help)
There is a stone staircase leading up here.
You climb upwards.
There is a stone staircase leading down here.
There is a stone staircase leading up here.
You climb upwards.
There is a stone staircase leading down here.
There is a stone staircase leading up here.
You climb upwards.
There is a stone staircase leading down here.
There is a stone staircase leading up here.
You climb upwards.
There is a stone staircase leading down here.
There is a stone staircase leading up here.
There is a stone staircase leading up here.
You climb upwards.
There is a stone staircase leading down here.
A neqoxec comes into view.
The neqoxec moves out of view.
The neqoxec gestures at you.
Something tries to feed on your intellect!
You rampage towards the neqoxec!
The neqoxec gestures at you.
Strange energies course through your body.
You feel frail. The neqoxec gestures at you.
Something tries to feed on your intellect!
There is a staircase leading out of the dungeon here.
You don't know any spells.
You have escaped!

.....###
#.##......#
##.#######
.....#
#.##.###### ###
.....# #^...#
### #..###
###...## ###
##.#
#..#####.....#
### ##.## #.#.
#............#
##.###.#.# ##.#
#............#
#.#.###3## ##.#.
......####...#
##.###.#.##
##.### .###..#
#...#
#@#.#.###.###3##
# .# #..# ##..#
####.## ##3#.##
.###..# #..#
#.#.# ##.##
......#####..#
##.## #.#.#
.)...........##
### ##.##
.†...[####....#
###
..............#
.....#####....#
..............#
### ### #


There were no monsters in sight!

Vanquished Creatures
  3 dread liches
  4 ancient liches (Zot:5)
  3 orbs of fire (Zot:5)
  Mara (Spider:3)
  2 juggernauts
  5 Killer Klowns
  3 curse toes
  2 caustic shrikes (Depths:3)
  The ghost of crisisinutopia the Impregnable, an adept MiFi of Okawaru (Vaults:1)
  21 golden dragons
  A bone dragon (Zot:3)
  5 electric golems
  A Brimstone Fiend (Zot:4)
  Jorgrun (Orc:1)
  Rupert (D:14)
  20 tentacled monstrosities
  2 walking crystal tomes
  A lich (Vaults:5)
  26 Orb Guardians
  A walking frostbound tome (Depths:4)
  9 acid blobs
  2 walking divine tomes
  A deep elf blademaster (Elf:2)
  5 titans
  Polyphemus (Shoals:3)
  9 quicksilver dragons
  Gastronok (Orc:1)
  8 death cobs
  8 sphinxes
  15 storm dragons
  8 tengu reavers
  Kirke (Spider:4)
  12 draconian monks
  Donald (Orc:2)
  8 shadow dragons
  5 rockslimes
  Ilsuiw (Shoals:2)
  3 azure jellies
  Roxanne (Elf:3)
  2 iron dragons (Zot:3)
  10 fire giants
  7 draconian knights
  4 frost giants
  2 imperial myrmidons (Desolation)
  3 draconian scorchers
  7 ghost moths
  5 emperor scorpions
  A balrug (Depths:4)
  20 vault wardens
  Louise (Shoals:3)
  5 orc warlords
  8 quicksilver oozes
  5 deep elf sorcerers
  Aizul (Shoals:3)
  5 draconian shifters
  15 ironbound preservers
  10 very ugly things
  6 spriggan defenders
  3 broodmothers (Spider:4)
  13 stone giants
  3 war gargoyles
  8 ironbound thunderhulks
  7 draconian annihilators
  5 vampire knights
  12 purple draconians
  9 white draconians
  14 black draconians
  3 deep elf annihilators
  Nessos (D:14)
  21 red draconians
  A minotaur (Gauntlet)
  14 dire elephants
  A deep elf demonologist (Vaults:5)
  12 yellow draconians
  5 green draconians
  5 spark wasps
  5 crystal guardians
  6 merfolk javelineers (Shoals:4)
  The ghost of suse60 the Basher, a journeyman TrGl of Makhleb (Lair:1)
  8 fire dragons
  12 yaktaur captains
  A deep elf death mage (Vaults:5)
  6 ettins
  2 jiangshi (Depths:3)
  A spectral kraken (Shoals:3)
  2 entropy weavers
  Fannar (Orc:1)
  7 great orbs of eyes
  5 ragged hierophants (Desolation)
  2 deep elf high priests (Vaults:5)
  The ghost of VeryBadPlayer the Cleaver, a journeyman MiFi of the Shining One (Orc:2)
  An entropy weaver (shapeshifter) (Vaults:3)
  6 merfolk impalers
  29 vault guards
  2 ghost crabs (Shoals:3)
  5 hydras
  9 peacekeepers
  2 rakshasas
  5 servants of whispers (Desolation)
  2 ogre magi (Vaults:5)
  A spriggan skeleton (Depths:1)
  2 boulder beetles
  11 ice dragons
  2 radroaches (Spider:1)
  6 ironbound frosthearts
  4 catoblepae
  A jorogumo (shapeshifter) (Elf:1)
  6 spriggan air magi
  14 centaur warriors
  23 dancing weapons
  A death knight (Vaults:3)
  4 tengu warriors
  9 merfolk aquamancers (Shoals:4)
  A satyr (Shoals:3)
  2 merfolk avatars
  9 death yaks
  9 two-headed ogres
  9 deep troll earth magi
  2 vampire magi (Depths:3)
  9 deep troll shamans
  An orc high priest (Orc:2)
  5 spriggan berserkers
  2 hell knights (Depths:3)
  3 skysharks
  A soul eater (Vaults:3)
  A sun demon (Depths:2)
  4 spectral merfolk (Shoals:3)
  2 spriggans
  8 deep elf knights
  3 iron trolls
  A skeletal warrior (D:10)
  3 pharaoh ants (Spider:1)
  3 flayed ghosts (Depths:1)
  3 sixfirhies
  9 sea snakes
  3 sun moths
  9 deep elf archers
  A glowing orange brain (shapeshifter) (Depths:4)
  59 deep trolls
  A steelbarb worm (shapeshifter) (Vaults:5)
  6 glowing orange brains
  A shadow dragon zombie (Depths:1)
  5 orb spiders
  21 ironbound convokers
  7 phantasmal warriors
  A spriggan simulacrum (Depths:1)
  15 wizards
  20 deep elf pyromancers
  19 deep elf zephyrmancers
  5 steelbarb worms
  10 lindwurms
  4 cyclopes
  13 harpies
  7 necromancers
  9 orc knights
  3 orc sorcerers
  4 shining eyes
  21 ugly things
  4 fauns
  16 wolf spiders
  A frost giant skeleton (Vaults:4)
  20 manticores
  A stone giant zombie (Vaults:3)
  23 moths of wrath
  2 eyes of devastation
  9 guardian serpents (Desolation)
  A naga mage (D:15)
  16 vault sentinels
  8 black mambas
  4 molten gargoyles
  12 demonic crawlers
  6 merfolk sirens
  7 torpor snails
  3 elephants (Lair:3)
  A gargoyle (D:11)
  9 water nymphs
  2 ice statues (IceCv)
  3 smoke demons
  A centaur skeleton (D:15)
  16 cane toads
  A cane toad (shapeshifter) (Depths:3)
  A yaktaur zombie (Vaults:3)
  8 rime drakes
  10 komodo dragons
  A tormentor (Depths:2)
  An unseen horror (D:12)
  A kobold demonologist (D:12)
  2 unseen horror zombies (D:9)
  3 efreet
  23 yaktaurs
  An ice devil (Depths:2)
  A redback zombie (D:15)
  A freezing wraith (Vaults:5)
  3 tengu conjurers
  2 spectral water nymphs (Shoals:3)
  A spectral harpy (Shoals:3)
  5 wind drakes
  2 red devils (Depths:2)
  2 polar bears
  6 meliai
  17 trolls
  A hellwing (Depths:2)
  3 hornets
  A troll (shapeshifter) (Depths:3)
  A wolf spider simulacrum (D:15)
  The ghost of greedy the Cudgeller, an amateur DsDe (D:5)
  A spectral manticore (Shoals:3)
  24 blink frogs
  22 merfolk
  13 dream sheep
  44 saltlings (Desolation)
  95 slime creatures
  A fire giant simulacrum (Vaults:3)
  21 tarantellas
  6 snapping turtles
  4 air elementals
  18 jumping spiders
  A centaur simulacrum (D:15)
  An elf skeleton (Vaults:3)
  5 shadows
  4 wraiths
  19 culicivoras
  3 wyverns
  A culicivora (shapeshifter) (Elf:1)
  5 water elementals
  An ettin skeleton (Vaults:4)
  2 fire elementals
  52 yaks
  4 hogs (Spider:4)
  4 steam dragons
  8 basilisks
  56 redbacks
  3 golden eyes (Slime:4)
  11 vampire mosquitoes
  A chaos spawn (Depths:2)
  8 wargs
  13 water moccasins
  2 human skeletons (Vaults:3)
  Duvessa (D:7)
  4 acid dragons
  2 floating eyes
  An ettin simulacrum (Vaults:4)
  A hornet zombie (D:15)
  A sky beast (D:8)
  38 orc warriors
  An elf simulacrum (Vaults:3)
  3 ice beasts
  5 black bears
  10 ogres
  4 wolves (Lair:3)
  A human zombie (Vaults:3)
  13 centaurs
  4 phantoms
  6 kobold brigands
  8 bullfrogs
  A gnoll sergeant (D:6)
  4 earth elementals
  4 scorpions
  A water moccasin zombie (D:5)
  Dowan (D:7)
  18 killer bees
  5 lindwurm simulacra (IceCv)
  5 electric eels
  5 howler monkeys
  5 lava snakes (D:11)
  4 komodo dragon simulacra (IceCv)
  10 jellies
  2 centaur zombies (D:9)
  2 hounds
  A bullfrog skeleton (D:5)
  Crazy Yiuf (D:3)
  11 orc priests
  4 iguanas
  Natasha (thrice) (D:3)
  17 orc wizards
  5 hell rats (Lair:3)
  A killer bee zombie (D:9)
  5 howler monkey zombies (D:9)
  9 gnolls
  A howler monkey skeleton (D:5)
  4 acid dragon simulacra (IceCv)
  9 adders
  A white imp (D:6)
  7 ufetubi
  8 steam dragon simulacra (IceCv)
  3 dart slugs
  A worm (D:5)
  84 orcs
  7 bats
  4 endoplasms
  2 giant cockroaches
  12 goblins
  17 hobgoblins
  6 jackals
  21 kobolds
  4 quokkas
  5 ball pythons
  3 frilled lizards
  5 rats
  A bush (D:13)
  4 spectral weapons (Zot:5)
  A tentacle (Shoals:3)
2150 creatures vanquished.

Vanquished Creatures (collateral kills)
  An ancient lich (Zot:5)
  A walking frostbound tome (Depths:3)
  A storm dragon (Depths:3)
  An emperor scorpion (Spider:3)
  A stone giant (Vaults:5)
  A merfolk impaler (Shoals:4)
  3 vault guards (Vaults:5)
  A deep troll earth mage (Depths:3)
  A hell knight (Vaults:5)
  A pharaoh ant (Spider:4)
  A sea snake (Shoals:4)
  A deep troll (Vaults:5)
  An orc knight (Orc:2)
  An orc sorcerer (Orc:2)
  A merfolk siren (Shoals:2)
  A torpor snail (Spider:4)
  A tarantella (Spider:4)
  A merfolk (Shoals:2)
  2 culicivoras (Spider:4)
  2 jumping spiders
  A redback (Spider:4)
  3 orc warriors (Orc:2)
  An ogre (Orc:2)
29 creatures vanquished.

Vanquished Creatures (others)
  A dread lich (Zot:3)
  A death cob (Zot:3)
  A draconian scorcher (Zot:3)
  A dancing weapon (Elf:2)
  A wizard (Depths:3)
  A harpy (Shoals:4)
  A tengu conjurer (Depths:4)
  A merfolk (Shoals:3)
  A saltling (Desolation)
  A human (Spider:4)
  An orc (D:8)
  24 fungi
  79 plants
  3 tentacles (Shoals:3)
  11 withered plants
128 creatures vanquished.

Grand Total: 2307 creatures vanquished

Notes
Turn   | Place    | Note
-------+----------+-------------------------------------------
     0 | D:1      | Ralhos the Minotaur Berserker began the quest for the Orb.
     0 | D:1      | Reached XP level 1. HP: 19/19 MP: 0/0
   275 | D:1      | Reached XP level 2. HP: 27/27 MP: 1/1
  1082 | D:2      | Reached XP level 3. HP: 33/33 MP: 2/2
  1140 | D:2      | Reached ** piety under Trog
  1148 | D:2      | Reached skill level 1 in Shields
  1411 | D:2      | Found a glowing silver altar of Zin.
  1859 | D:3      | Found a broken altar of Ashenzari.
  1889 | D:3      | Reached skill level 5 in Axes
  1935 | D:3      | Reached XP level 4. HP: 34/40 MP: 3/3
  2003 | D:3      | Found a shadowy altar of Dithmenos.
  2038 | D:3      | Noticed Natasha
  2044 | D:3      | Killed Natasha
  2068 | D:3      | Noticed Natasha
  2085 | D:3      | Killed Natasha
  2256 | D:3      | Reached XP level 5. HP: 46/46 MP: 4/4
  2422 | D:3      | Found an opulent altar of Gozag.
  2567 | D:3      | Noticed Natasha
  2577 | D:3      | Killed Natasha
  2578 | D:3      | Reached XP level 6. HP: 29/52 MP: 5/5
  2789 | D:3      | Found a runed translucent door.
  2790 | D:3      | Noticed Crazy Yiuf
  2830 | D:3      | Killed Crazy Yiuf
  3108 | D:4      | Reached skill level 5 in Shields
  3380 | D:4      | Reached XP level 7. HP: 48/58 MP: 6/6
  3593 | D:4      | Found a hide-covered altar of Uskayaw.
  3800 | D:5      | Entered Level 5 of the Dungeon
  4092 | D:5      | Found a runed translucent gate.
  4093 | D:5      | Found a runed translucent gate.
  4095 | D:5      | Found a runed translucent gate.
  4096 | D:5      | Noticed greedy's ghost (amateur DsDe)
  4123 | D:5      | Killed greedy's ghost
  4124 | D:5      | Reached XP level 8. HP: 62/66 MP: 7/7
  4237 | D:5      | Identified the +1 pair of boots "Junnoadd" {*Slow rPois rF+
                  | Regen+}
  4257 | D:5      | Found a large runed translucent door.
  4257 | D:5      | Found a large runed translucent door.
  4342 | D:5      | Found Vyurinih's Weapon Shop.
  4695 | D:5      | Found a sparkling altar of Nemelex Xobeh.
  4777 | D:5      | Bought a +2 heavy broad axe for 192 gold pieces
  4842 | D:5      | Gained mutation: Your movements are slightly less
                  | encumbered by armour. (ER -2) [potion of mutation]
  5007 | D:5      | Found a snail-covered altar of Cheibriados.
  5023 | D:5      | Found a stormy altar of Qazlal.
  5055 | D:6      | Found a staircase to the Ecumenical Temple.
  5216 | D:6      | Reached skill level 10 in Axes
  5395 | D:6      | Reached *** piety under Trog
  5805 | D:6      | Reached XP level 9. HP: 71/71 MP: 8/8
  5901 | D:6      | Reached skill level 5 in Fighting
  5901 | D:6      | Reached skill level 10 in Shields
  6695 | D:7      | Noticed Duvessa
  6696 | D:7      | Noticed Dowan
  6705 | D:7      | Killed Duvessa
  6710 | D:7      | Killed Dowan
  6885 | D:7      | Found a flagged portal.
  6975 | Bailey   | Entered a bailey
  6995 | Bailey   | Identified a scroll of acquirement
  6996 | Bailey   | Acquired a manual of Evocations
  7009 | Bailey   | Reached **** piety under Trog
  7014 | Bailey   | Reached skill level 1 in Evocations
  7089 | Bailey   | Reached XP level 10. HP: 50/88 MP: 9/9
  7255 | Bailey   | Reached skill level 5 in Armour
  7414 | Bailey   | Noticed an orc warlord
  7429 | Bailey   | Killed an orc warlord
  7782 | D:8      | Found a glowing silver altar of Zin.
  7806 | D:8      | Found a sacrificial altar of Ru.
  7817 | D:8      | Found a viscous altar of Jiyva.
  7872 | D:8      | Noticed a brown ugly thing
  7887 | D:8      | Killed a brown ugly thing
  7888 | D:8      | Reached skill level 10 in Armour
  8196 | D:8      | Reached XP level 11. HP: 82/94 MP: 10/10
  8197 | D:8      | Acquired the +18 crystal plate armour of Light {Str+3
                  | Dex-5}
  8665 | D:9      | Found a hazy altar of Hepliaklqana.
  8730 | D:9      | Found a staircase to the Orcish Mines.
  8736 | D:9      | Found Jeiliako's Armour Shoppe.
  8990 | D:9      | Reached ***** piety under Trog
  9015 | D:9      | Found a basalt altar of Yredelemnul.
  9310 | D:10     | Entered Level 10 of the Dungeon
  9367 | D:10     | Noticed a two-headed ogre
  9375 | D:10     | Killed a two-headed ogre
  9377 | D:10     | Identified the +6 whip of Wu Jian's Condemnation {speed,
                  | Int+4 SInv}
  9456 | D:10     | Reached skill level 10 in Fighting
  9547 | D:10     | Noticed a tengu warrior
  9560 | D:10     | Killed a tengu warrior
  9562 | D:10     | Identified the +2 mace "Nocutz" {antimagic, rC+ Will+}
  9568 | D:10     | Noticed a six-headed hydra
  9578 | D:10     | Killed a seven-headed hydra
  9748 | D:10     | Noticed a skeletal warrior
  9753 | D:10     | Killed a skeletal warrior
  9755 | D:10     | Identified the staff of earth "Toote" {rElec Str-2 Dex+2
                  | SInv}
  9761 | D:10     | Noticed a five-headed hydra
  9765 | D:10     | Killed a two-headed hydra
  9768 | D:10     | Identified the staff of cold "Vixiwk" {rC+ Will+}
  9976 | D:10     | Reached XP level 12. HP: 106/106 MP: 11/11
 10555 | D:11     | Found a staircase to the Lair.
 10740 | D:11     | Reached skill level 15 in Axes
 10937 | D:11     | Noticed a two-headed ogre
 10944 | D:11     | Killed a two-headed ogre
 10956 | D:11     | Found Rulump's Antique Weapon Boutique.
 11437 | Orc:1    | Entered Level 1 of the Orcish Mines
 11514 | Orc:1    | Found Soedd's Antique Weapon Emporium.
 11531 | Orc:1    | Noticed Jorgrun
 11532 | Orc:1    | Received a gift from Trog
 11535 | Orc:1    | Noticed Gastronok
 11554 | Orc:1    | Killed Jorgrun
 11560 | Orc:1    | Killed Gastronok
 11586 | Orc:1    | Noticed Fannar
 11600 | Orc:1    | Killed Fannar
 11841 | Orc:2    | Entered Level 2 of the Orcish Mines
 11841 | Orc:2    | Found Haividu's Antique Weapon Boutique.
 11863 | Orc:2    | Reached XP level 13. HP: 103/113 MP: 12/12
 11869 | Orc:2    | Reached skill level 5 in Dodging
 11871 | Orc:2    | Noticed Donald
 11885 | Orc:2    | Killed Donald
 11886 | Orc:2    | Found Maitak's Book Shop.
 11969 | Orc:2    | Noticed an orc warlord
 11984 | Orc:2    | Reached skill level 5 in Evocations
 11998 | Orc:2    | Killed an orc warlord
 12052 | Orc:2    | Found Coetei's General Store.
 12070 | Orc:2    | Found a staircase to the Elven Halls.
 12112 | Orc:2    | Found a transporter.
 12113 | Orc:2    | Found a bloodstained altar of Trog.
 12115 | Orc:2    | Noticed VeryBadPlayer's ghost (journeyman MiFi)
 12115 | Orc:2    | Noticed a stone giant
 12189 | Orc:2    | Found a transporter.
 12198 | Orc:2    | Found Ixuigh's Overcharged Wands.
 12284 | Orc:2    | Found Vapnezoc's Antique Armour Shoppe.
 12715 | Orc:2    | Killed a stone giant
 12716 | Orc:2    | Reached skill level 10 in Evocations
 12735 | Orc:2    | Killed VeryBadPlayer's ghost
 12852 | Lair:1   | Entered Level 1 of the Lair of Beasts
 13042 | Lair:1   | Found a frozen archway.
 13057 | IceCv    | Entered an ice cave
 13234 | IceCv    | Noticed a white draconian
 13249 | IceCv    | Reached ****** piety under Trog
 13257 | IceCv    | Killed a white draconian
 13382 | IceCv    | Identified the ring of Law {rElec rF+ rC+ Str+4 Dex-4}
 13658 | Lair:1   | Found a runed translucent gate.
 13660 | Lair:1   | Noticed suse60's ghost (journeyman TrGl)
 13664 | Lair:1   | Found the +5 glaive of the Guard {elec, spectral, AC+5}
 13667 | Lair:1   | Found a runed translucent gate.
 13667 | Lair:1   | Found a runed translucent gate.
 13684 | Lair:1   | Killed suse60's ghost
 13758 | Lair:1   | Received a gift from Trog
 13791 | Lair:1   | Reached XP level 14. HP: 121/121 MP: 13/13
 13806 | Lair:1   | Identified the +1 ring mail of Qazlal's Regard {Rampage}
 14476 | Lair:2   | Found a hole to the Spider Nest.
 15063 | Lair:3   | Received a gift from Trog
 15252 | Lair:3   | Reached skill level 15 in Shields
 15468 | Lair:3   | Found a staircase to the Shoals.
 15738 | Lair:4   | Found a staircase to the Slime Pits.
 16326 | Lair:5   | Entered Level 5 of the Lair of Beasts
 16553 | Lair:5   | Identified the amulet of Inlor {Spirit Will+ Dex+3}
 16652 | Lair:5   | Received a gift from Trog
 16709 | Lair:5   | Reached XP level 15. HP: 128/128 MP: 14/14
 17544 | Shoals:1 | Entered Level 1 of the Shoals
 18525 | Shoals:2 | Noticed Ilsuiw
 18599 | Shoals:2 | Killed Ilsuiw
 18811 | Shoals:2 | Reached skill level 15 in Fighting
 18937 | Shoals:2 | Found Fackit's Assorted Antiques.
 19062 | Shoals:2 | You are sucked into a shaft and drop 1 floor!
 19113 | Shoals:2 | Received a gift from Trog
 19451 | Shoals:3 | Identified the +7 sling "Fehoneq" {antimagic, Dex+5}
 19755 | Shoals:3 | Noticed Polyphemus
 19775 | Shoals:3 | Noticed Louise
 19781 | Shoals:3 | Killed Polyphemus
 19796 | Shoals:3 | Killed Louise
 19944 | Shoals:3 | Noticed Aizul
 19962 | Shoals:3 | Killed Aizul
 19963 | Shoals:3 | Reached XP level 16. HP: 147/155 MP: 12/15
 20581 | Spider:1 | Entered Level 1 of the Spider Nest
 20616 | Spider:1 | Received a gift from Trog
 21153 | Spider:1 | You fall into a shaft and drop 1 floor!
 22241 | Spider:3 | Reached skill level 15 in Armour
 22671 | Spider:3 | Noticed Mara
 22673 | Spider:3 | Noticed Ralhos's illusion
 22708 | Spider:3 | Killed Mara
 22787 | Spider:4 | Entered Level 4 of the Spider Nest
 22803 | Spider:4 | Received a gift from Trog
 22805 | Spider:4 | Noticed Kirke
 22815 | Spider:4 | Noticed a sphinx
 22817 | Spider:4 | Killed Kirke
 23188 | Spider:4 | Reached XP level 17. HP: 161/161 MP: 16/16
 23304 | Spider:4 | Received a gift from Trog
 23651 | Spider:4 | Got a gossamer rune of Zot
 24324 | Shoals:4 | Entered Level 4 of the Shoals
 24521 | Shoals:4 | Found a white marble altar of Elyvilon.
 24744 | Shoals:4 | Identified the +0 hat of Depression {rElec Int+4 Dex+2}
 25846 | Shoals:4 | Got a barnacled rune of Zot
 27078 | D:12     | Found a gate leading to a gauntlet.
 27089 | Gauntlet | Entered a Gauntlet
 27089 | Gauntlet | Found a transporter.
 27089 | Gauntlet | Found a transporter.
 27090 | Gauntlet | Found a transporter.
 27093 | Gauntlet | Found a transporter.
 27102 | Gauntlet | Found a transporter.
 27107 | Gauntlet | Found a transporter.
 27113 | Gauntlet | Found a transporter.
 27134 | Gauntlet | Found a transporter.
 27135 | Gauntlet | Found a transporter.
 27194 | Gauntlet | Found a transporter.
 27204 | Gauntlet | Found a transporter.
 27231 | Gauntlet | Found a transporter.
 27983 | Gauntlet | Identified the ring of Ytosch {Will+ Int+3}
 28118 | Gauntlet | Identified the +3 kite shield "Iggathri" {*Slow Str+8}
 28120 | Gauntlet | Identified the +0 pearl dragon scales of Spring Thaw {rN+
                  | Stlth+}
 28240 | D:12     | Received a gift from Trog
 28453 | D:12     | Found Ixzidy's Assorted Antiques.
 28456 | D:12     | Bought a scroll of teleportation for 54 gold pieces
 28456 | D:12     | Bought 2 scrolls of enchant armour for 270 gold pieces
 28456 | D:12     | Bought a scroll of enchant armour for 135 gold pieces
 29256 | D:13     | Found a blossoming altar of Fedhas.
 29424 | D:14     | Found a radiant altar of Vehumet.
 29426 | D:14     | Reached XP level 18. HP: 163/169 MP: 15/17
 29494 | D:14     | Found a gate to the Vaults.
 29740 | D:14     | Noticed Nessos
 29753 | D:14     | Killed Nessos
 29779 | D:14     | Noticed Rupert
 29792 | D:14     | Killed Rupert
 30247 | D:15     | Entered Level 15 of the Dungeon
 30452 | D:15     | Found an iron altar of Okawaru.
 30725 | D:15     | Received a gift from Trog
 30740 | D:15     | Found a staircase to the Depths.
 31016 | Vaults:1 | Entered Level 1 of the Vaults
 31158 | Vaults:1 | Identified the +1 robe "Sarasi" {rElec MP+9 SInv}
 31332 | Vaults:1 | Found a runed translucent door.
 31332 | Vaults:1 | Noticed crisisinutopia's ghost (adept MiFi)
 31482 | Vaults:1 | Identified the +4 war axe of the Ecumenical Temple {heavy,
                  | rPois Will- Dex+6} (Trog gifted it to you on level 1 of the
                  | Vaults)
 31482 | Vaults:1 | Received a gift from Trog
 32140 | Vaults:1 | Killed crisisinutopia's ghost
 32409 | Vaults:2 | Found Niys's Antique Weapon Shoppe.
 32455 | Vaults:2 | Found a crumbling gateway.
 32470 | Desolati | Entered the Desolation of Salt
 32815 | Desolati | Reached XP level 19. HP: 160/177 MP: 16/18
 32903 | Desolati | Reached skill level 27 in Axes
 33091 | Desolati | Identified the +5 flail "Fabaat" {elec, Int+5}
 33093 | Desolati | Identified the +6 lajatang "Eduinkiug" {freeze, rC+ rN+
                  | Str+2 Dex+2}
 33097 | Desolati | Identified the ring of Kagiej {Fire rElec Will+ Slay-2}
 33227 | Desolati | Identified the ring "Tetim" {rPois Dex+3 Stlth+}
 33884 | Vaults:2 | Received a gift from Trog
 34932 | Vaults:3 | Found a staircase to the Crypt.
 35093 | Vaults:3 | Received a gift from Trog
 35262 | Vaults:3 | Reached XP level 20. HP: 200/200 MP: 15/19
 35552 | Vaults:3 | Found Daguuvy's Distillery.
 36216 | Vaults:4 | Identified the +8 war axe of the Desert {heavy, rElec
                  | Dex+3} (Trog gifted it to you on level 4 of the Vaults)
 36216 | Vaults:4 | Received a gift from Trog
 36480 | Vaults:4 | Identified the +0 ring mail of Vucocaed {rPois Dex+3}
 36593 | Vaults:4 | Found Huck's Armour Shoppe.
 36877 | Vaults:4 | Received a gift from Trog
 37187 | Vaults:3 | Bought a potion of curing for 51 gold pieces
 37187 | Vaults:3 | Bought a potion of heal wounds for 85 gold pieces
 37187 | Vaults:3 | Bought a potion of curing for 51 gold pieces
 37187 | Vaults:3 | Bought a potion of curing for 51 gold pieces
 37187 | Vaults:3 | Bought 2 potions of haste for 340 gold pieces
 37187 | Vaults:3 | Bought a potion of haste for 170 gold pieces
 37221 | Vaults:5 | Entered Level 5 of the Vaults
 37246 | Vaults:5 | Noticed a golden dragon
 37258 | Vaults:5 | Noticed a golden dragon
 37262 | Vaults:5 | Killed a golden dragon
 37262 | Vaults:5 | Noticed a dread lich
 37276 | Vaults:5 | Killed a golden dragon
 37284 | Vaults:5 | Reached XP level 21. HP: 220/220 MP: 0/20
 37284 | Vaults:5 | Noticed a golden dragon
 37289 | Vaults:5 | Killed a dread lich
 37289 | Vaults:5 | Received a gift from Trog
 37304 | Vaults:5 | Killed a golden dragon
 37508 | Vaults:5 | Got a silver rune of Zot
 37664 | Vaults:5 | Identified the +6 quarterstaff of Weak True Grit {freeze,
                  | rPois Will+++ Str+3}
 37744 | Vaults:5 | Reached skill level 27 in Fighting
 37750 | Vaults:5 | Noticed a dread lich
 37755 | Vaults:5 | Received a gift from Trog
 37779 | Vaults:5 | Gained mutation: You do not regenerate when monsters are
                  | visible. [a cacodemon]
 37780 | Vaults:5 | Killed a dread lich
 38013 | Vaults:5 | Found the +9 sword of Zonguldrok {reap}
 38172 | Vaults:5 | Identified the staff of cold "Coit" {rC+ rN+ Will+ Stlth+}
 38199 | Vaults:5 | Found the +10 tower shield of Ignorance {rN+ Int-4}
 38209 | Vaults:5 | Identified the staff of death "Ruhak" {*Slow rF+++ rC++ rN+
                  | Int-3}
 38211 | Vaults:5 | Identified the +2 shortbow of the Warrior {antimagic,
                  | Int+6}
 38228 | Vaults:5 | Identified the ring of Cynehiha {rF+ Str+3 Dex+5 Stlth+}
 38285 | Vaults:5 | Found the ring of Shadows {Umbra +Inv Stlth+}
 38301 | Vaults:5 | Identified the staff of cold "Fogug" {rElec rF+ rC+}
 38312 | Vaults:5 | Identified the +0 falchion of Ycesmoq {elec, rCorr Str+5}
 38315 | Vaults:5 | Identified the staff of death "Romp" {rC+ rN+}
 39034 | Slime:1  | Entered Level 1 of the Pits of Slime
 39101 | Slime:1  | Gained mutation: Your body sometimes deteriorates upon
                  | taking damage. [a shining eye]
 39851 | Slime:1  | Gained mutation: You have a pair of large horns on your
                  | head. [a shining eye]
 40166 | Slime:2  | Received a gift from Trog
 40650 | Slime:3  | You fall into a shaft and drop 1 floor!
 40829 | Slime:4  | Received a gift from Trog
 40924 | Slime:3  | Reached XP level 22. HP: 232/233 MP: 21/21
 41119 | Spider:4 | Lost mutation: You have a pair of large horns on your head.
                  | [potion of mutation]
 41119 | Spider:4 | Lost mutation: You do not regenerate when monsters are
                  | visible. [potion of mutation]
 41119 | Spider:4 | Lost mutation: Your movements are slightly less encumbered
                  | by armour. (ER -2) [potion of mutation]
 41119 | Spider:4 | Gained mutation: You occasionally lose the ability to read
                  | scrolls when taking damage. [potion of mutation]
 41119 | Spider:4 | Gained mutation: Your magical capacity is low. (-10% MP)
                  | [potion of mutation]
 41119 | Spider:4 | Gained mutation: You are somewhat resistant to further
                  | mutation. [potion of mutation]
 41120 | Spider:4 | Lost mutation: You are somewhat resistant to further
                  | mutation. [potion of mutation]
 41120 | Spider:4 | Lost mutation: Your magical capacity is low. (-10% MP)
                  | [potion of mutation]
 41120 | Spider:4 | Lost mutation: Your body sometimes deteriorates upon taking
                  | damage. [potion of mutation]
 41120 | Spider:4 | Gained mutation: You have a pair of large horns on your
                  | head. [potion of mutation]
 41120 | Spider:4 | Gained mutation: Armour fits poorly on your strangely
                  | shaped body. [potion of mutation]
 41121 | Spider:4 | Lost mutation: You have a pair of large horns on your head.
                  | [potion of mutation]
 41121 | Spider:4 | Lost mutation: You occasionally lose the ability to read
                  | scrolls when taking damage. [potion of mutation]
 41121 | Spider:4 | Lost mutation: Armour fits poorly on your strangely shaped
                  | body. [potion of mutation]
 41121 | Spider:4 | Gained mutation: You are robust. (+10% HP) [potion of
                  | mutation]
 41121 | Spider:4 | Gained mutation: You are very robust. (+20% HP) [potion of
                  | mutation]
 41121 | Spider:4 | Gained mutation: You have a pair of large horns on your
                  | head. [potion of mutation]
 41121 | Spider:4 | Gained mutation: Your muscles are strong. (Str +4, Int/Dex
                  | -1) [potion of mutation]
 41412 | Elf:1    | Entered Level 1 of the Elven Halls
 42113 | Elf:1    | Paralysed by an air elemental for 1 turns
 42313 | Elf:2    | Found Doluffei's Antique Weapon Emporium.
 42493 | D:12     | Bought an ichor-stained scarf for 180 gold pieces
 42493 | D:12     | Identified the scarf "Voveliur" {+Inv, rPois rN++ Str+3
                  | Int-5} (You bought it in a shop on level 12 of the Dungeon)
 42726 | Elf:2    | Received a gift from Trog
 42750 | Elf:2    | Paralysed by an air elemental for 1 turns
 42802 | Elf:2    | Found Gaqusoan's Distillery.
 42979 | Elf:2    | Paralysed by an air elemental for 1 turns
 43043 | Elf:2    | Found a runed translucent gate.
 43043 | Elf:2    | Found a runed translucent gate.
 43045 | Elf:2    | Found a runed translucent gate.
 43510 | Elf:3    | Entered Level 3 of the Elven Halls
 43523 | Elf:3    | Identified Roxanne's Vademecum on Shapeshifting
 43523 | Elf:3    | Noticed Roxanne
 43643 | Elf:3    | Received a gift from Trog
 43726 | Elf:3    | Found Cinazxu's Antique Armour Emporium.
 44014 | Elf:3    | Killed Roxanne
 44253 | Depths:1 | Entered Level 1 of the Depths
 44452 | Elf:2    | Bought a potion of curing for 39 gold pieces
 44452 | Elf:2    | Bought a potion of curing for 39 gold pieces
 44452 | Elf:2    | Bought a potion of heal wounds for 65 gold pieces
 44452 | Elf:2    | Bought a potion of haste for 130 gold pieces
 44452 | Elf:2    | Bought 2 potions of haste for 260 gold pieces
 44499 | Orc:2    | Bought a scroll of teleportation for 45 gold pieces
 44730 | Shoals:2 | Bought a potion of heal wounds for 195 gold pieces
 45041 | Depths:1 | Found a one-way gateway to a ziggurat.
 45158 | Depths:1 | Received a gift from Trog
 45190 | Depths:1 | Paralysed by a floating eye for 3 turns
 45343 | Depths:1 | Found a one-way gate leading to the halls of Pandemonium.
 45388 | Depths:1 | Found a gateway to Hell.
 45510 | Depths:1 | Found Zin's Purification Station.
 45515 | Depths:1 | Found a glowing silver altar of Zin.
 45518 | Depths:1 | Bought a potion of curing for 90 gold pieces
 46613 | Depths:3 | Noticed a juggernaut
 46621 | Depths:3 | Killed a juggernaut
 46621 | Depths:3 | Received a gift from Trog
 46622 | Depths:3 | Reached XP level 23. HP: 284/288 MP: 22/22
 46624 | Depths:3 | Noticed a caustic shrike
 46633 | Depths:3 | Paralysed by a floating eye for 3 turns
 46642 | Depths:3 | Killed a caustic shrike
 46683 | Depths:3 | Identified the ring "Earthly Heaven" {Contam rPois rF+
                  | SInv}
 46703 | Depths:3 | Identified the +0 robe "Inu Qusm" {rPois}
 46789 | Depths:3 | You fall into a shaft and drop 1 floor!
 46789 | Depths:4 | Entered Level 4 of the Depths
 46798 | Depths:4 | Noticed a juggernaut
 46809 | Depths:4 | Killed a juggernaut
 46865 | Depths:3 | Received a gift from Trog
 47075 | Depths:3 | Found a one-way gate to the infinite horrors of the Abyss.
 47263 | Depths:3 | Identified the staff of earth "Xuerresa" {rElec Str+2}
 47514 | Depths:3 | Noticed a caustic shrike
 47532 | Depths:3 | Killed a caustic shrike
 47533 | Depths:3 | Reached skill level 27 in Shields
 47988 | Depths:4 | Found a runed translucent door.
 48100 | Depths:4 | Identified the ring of Elyvilon's Respect {Fly rPois rF+}
 48186 | Depths:4 | Found a gate to the Realm of Zot.
 48268 | Depths:4 | Found Zhao Yu's Dragon-Slaying Spoils.
 48320 | Depths:4 | Received a gift from Trog
 48325 | Depths:4 | Paralysed by a vampire knight for 4 turns
 48735 | Zot:1    | Entered Level 1 of the Realm of Zot
 48865 | Zot:1    | Reached XP level 24. HP: 284/298 MP: 22/22
 49448 | Zot:2    | Received a gift from Trog
 49888 | Zot:3    | Noticed a Killer Klown
 49901 | Zot:3    | Killed a Killer Klown
 49904 | Zot:3    | Noticed a dread lich
 49915 | Zot:3    | Killed a dread lich
 50053 | Zot:3    | Found the +3 warlock's mirror {omnireflect}
 52043 | Zot:4    | Identified the ring of the Cockroach {rC++ Str+6 Stlth-}
 52082 | Zot:4    | Received a gift from Trog
 52561 | Zot:4    | Identified the +5 falchion "Hell-Harrower" {drain, rC+
                  | Dex+3 Stlth+}
 53834 | Orc:2    | Bought a wand of quicksilver (18) for 1134 gold pieces
 53834 | Orc:2    | Bought a wand of quicksilver (18) for 1134 gold pieces
 53834 | Orc:2    | Bought a wand of polymorph (18) for 378 gold pieces
 53834 | Orc:2    | Bought a wand of roots (18) for 648 gold pieces
 53834 | Orc:2    | Bought a wand of mindburst (30) for 630 gold pieces
 53834 | Orc:2    | Bought a wand of digging (11) for 693 gold pieces
 54073 | Shoals:2 | Bought a scroll of fog for 156 gold pieces
 54073 | Shoals:2 | Bought a wand of flame (9) for 245 gold pieces
 54466 | Zot:5    | Entered Level 5 of the Realm of Zot
 54726 | Zot:5    | Reached XP level 25. HP: 308/308 MP: 22/22
 54754 | Zot:5    | Noticed an orb of fire
 54761 | Zot:5    | Received a gift from Trog
 54765 | Zot:5    | Gained mutation: You are strong-willed. (Will+) [an orb of
                  | fire]
 54771 | Zot:5    | Lost mutation: You are very robust. (+20% HP) [an orb of
                  | fire]
 54772 | Zot:5    | Gained mutation: You have hidden genetic defects. [an orb
                  | of fire]
 54783 | Zot:5    | Gained mutation: You sometimes lose your temper in combat.
                  | [an orb of fire]
 54784 | Zot:5    | Killed an orb of fire
 54801 | Zot:5    | Noticed an orb of fire
 54813 | Zot:5    | Killed an orb of fire
 54817 | Zot:5    | Noticed an ancient lich
 54819 | Zot:5    | Noticed an ancient lich
 54822 | Zot:5    | Killed an ancient lich
 54827 | Zot:5    | Killed an ancient lich
 55030 | Zot:5    | Noticed an ancient lich
 55043 | Zot:5    | Killed an ancient lich
 55048 | Zot:5    | Reached skill level 15 in Evocations
 55051 | Zot:5    | Noticed a Killer Klown
 55055 | Zot:5    | Lost dexterity.
 55068 | Zot:5    | Killed a Killer Klown
 55205 | Zot:5    | Lost intelligence.
 55205 | Zot:5    | Gained mutation: You are dopey. (Int -2) [hidden defects]
 56245 | Elf:2    | Lost mutation: You are dopey. (Int -2) [potion of mutation]
 56245 | Elf:2    | Lost mutation: You have hidden genetic defects. [potion of
                  | mutation]
 56245 | Elf:2    | Lost mutation: You have a pair of large horns on your head.
                  | [potion of mutation]
 56245 | Elf:2    | Gained mutation: Your flesh is cold resistant. (rC+)
                  | [potion of mutation]
 56246 | Elf:2    | Lost mutation: Your flesh is cold resistant. (rC+) [potion
                  | of mutation]
 56246 | Elf:2    | Lost mutation: You are strong-willed. (Will+) [potion of
                  | mutation]
 56246 | Elf:2    | Lost mutation: You sometimes lose your temper in combat.
                  | [potion of mutation]
 56246 | Elf:2    | Gained mutation: You are agile. (Dex +4, Str/Int -1)
                  | [potion of mutation]
 56246 | Elf:2    | Gained mutation: You are partially covered in iridescent
                  | scales. (AC +2) [potion of mutation]
 56816 | Zot:5    | Noticed a Killer Klown
 56834 | Zot:5    | Killed a Killer Klown
 56898 | Zot:5    | Noticed a Killer Klown
 56901 | Zot:5    | Noticed an ancient lich
 56902 | Zot:5    | Noticed an ancient lich
 56902 | Zot:5    | Noticed a Killer Klown
 56902 | Zot:5    | Noticed an orb of fire
 56902 | Zot:5    | Noticed a Killer Klown
 56902 | Zot:5    | Noticed a dread lich
 56905 | Zot:5    | Gained mutation: You are occasionally teleported next to
                  | monsters. [an orb of fire]
 56912 | Zot:5    | Gained mutation: Potions are less effective at restoring
                  | your health. [an orb of fire]
 56912 | Zot:5    | Killed an ancient lich
 56914 | Zot:5    | Killed a dread lich
 56914 | Zot:5    | Gained mutation: You sometimes lose your temper in combat.
                  | [an orb of fire]
 56920 | Zot:5    | Gained mutation: You do not regenerate when monsters are
                  | visible. [an orb of fire]
 56923 | Zot:5    | Killed an ancient lich
 56928 | Zot:5    | Lost mutation: You are robust. (+10% HP) [mutagenic glow]
 56931 | Zot:5    | Killed an orb of fire
 56937 | Zot:5    | Killed a Killer Klown
 56978 | Zot:5    | Killed a Killer Klown
 57087 | Zot:5    | a Killer Klown changed into a stone giant
 57105 | Zot:5    | Received a gift from Trog
 57672 | Zot:3    | Lost mutation: You do not regenerate when monsters are
                  | visible. [potion of mutation]
 57672 | Zot:3    | Lost mutation: Potions are less effective at restoring your
                  | health. [potion of mutation]
 57672 | Zot:3    | Lost mutation: You sometimes lose your temper in combat.
                  | [potion of mutation]
 57672 | Zot:3    | Gained mutation: You expend magic power (3 MP) to
                  | strengthen your wands. [potion of mutation]
 58419 | Zot:2    | Reached XP level 26. HP: 244/266 MP: 22/22
 58976 | Zot:5    | Got the Orb of Zot
 59393 | D:7      | Noticed Bimuwoc the pandemonium lord
 59552 | D:1      | Gained mutation: You are frail. (-10% HP) [a neqoxec]
 59572 | D:$      | Escaped with the Orb!

Illustrated notes

Levels and vault maps discovered:
D:1:      nagdon_arrival_zigzag_paths, layout_loops_ring,
          minmay_misc_feat_four_crosses, chequers_serial_rivers_small_3,
          hangedman_abyss_or_decor_lesser_grid, minmay_statues_item
D:2:      layout_basic, serial_undead, serial_undead_e, serial_undead_c,
          serial_undead_c, serial_undead_a, basic_altar
D:3:      layout_basic, mainiacjoe_overflow_surrounded_room,
          mainiacjoe_overflow_six_doors_small, cheibrodos_ashenzari_chains,
          serial_bayou, serial_bayou_pond_d, serial_bayou_pond_d,
          serial_bayou_crossing, serial_bayou_lagoon_a,
          kennysheep_generic_room_15, uniq_crazy_yiuf_cottage, uniq_natasha
D:4:      layout_basic, nicolae_uskayaw_dance_hall, minivault_5
D:5:      layout_cave_pools, nemelex_diamond_rough_becter,
          jmf_multi_god_temple2, serial_glass, glass_columns_a, glass_columns_a,
          serial_shops, nicolae_inconvenience_store, gammafunk_ghost_necromancy
D:6:      minmay_thick_lines, layout_basic, minmay_temple_entry_mini_moons,
          water_boxes_lemuel
D:7:      layout_gridville, enter_bailey_8, uniq_duvessa
D:8:      minmay_bloctagon_deflated, layout_rooms, lemuel_tele_altar,
          mainiacjoe_overflow_cross_hatched, jiyva_altar_1
D:9:      layout_loops_ring, nicolae_yredelemnul_corpse_copse,
          mainiacjoe_overflow_small_starburst, orc_david_3
D:10:     layout_loops_corners, minmay_the_grid_2x2
          [minmay_the_grid_minigrid_medium, minmay_the_grid_minigrid_small_alt,
          minmay_the_grid_doors, minmay_the_grid_prize_four_corners_diamond_a]
D:11:     cheibrodos_magma_flow, layout_basic, erik_lair_orcish_takeover,
          serial_shops, nicolae_square_shop
D:12:     layout_basic, serial_shops, nicolae_shop_real_fake_doors,
          gauntlet_entry_generic
D:13:     layout_basic, dreamdust_wishing_well, fedhas_bush_and_centaur_altar
D:14:     layout_gridville, erik_vaults_1, minmay_fountain_box,
          skrybe_limestone_x, vehumet_crystals, uniq_rupert, uniq_nessos
D:15:     grunt_enter_depths_magical_seal, layout_long_grid,
          okawaru_ov_weapons_minmay
Lair:1:   layout_regular_city, portal_ice_cave_entry_pillars_2,
          gammafunk_ghost_split, grunt_megastairs_4, infiniplex_staircase_pool
Lair:2:   layout_concentric_octagons, spider_nest_entry_web_field
Lair:3:   layout_misc_corridors, minmay_shoals_entry_centaurs, st_stairs_13,
          grunt_megastairs_3
Lair:4:   layout_roguey, nicolae_slime_entry_field_trip,
          chequers_serial_rivers_small_3, infiniplex_staircase_pool_2
Lair:5:   evilmike_catoblepas_cave, layout_cave_pods, grunt_megastairs_2,
          serial_bayou_shore_a
Shoals:1: layout_shoals, centaur_isle
Shoals:2: layout_shoals, serial_shops, shop, uniq_ilsuiw
Shoals:3: layout_shoals, nicolae_shoals_spectral_cove, uniq_polyphemus,
          uniq_louise, uniq_aizul
Shoals:4: shoals_end_simple, layout_shoals, lemuel_altar_in_water2,
          nicolae_splish_splash
Spider:1: layout_spider_delve
Spider:2: layout_cave_pods
Spider:3: layout_spider_delve, guppyfry_spider_mini_2, uniq_mara
Spider:4: guppyfry_spider_rune, uniq_kirke
Slime:1:  layout_caves, nicolae_slime_ancient_tower_intersection
Slime:2:  layout_caves
Slime:3:  layout_caves, nicolae_slime_phagocytosis
Slime:4:  layout_caves
Orc:1:    layout_caves, serial_shops, shop, basic_altar, uniq_gastronok,
          uniq_jorgrun, uniq_fannar
Orc:2:    grunt_orc_gardens, layout_diamond_mine, grunt_orc_garden,
          grunt_orc_garden, grunt_orc_garden, grunt_orc_garden,
          gammafunk_ghost_wrathful_warriors, nicolae_shop_overcharged_wands,
          uniq_donald
Elf:1:    layout_onion_city, minmay_elf_crystal_hexagon
Elf:2:    nicolae_elf_blades_splatter_lattice
          [nicolae_blade_entry_floor_patterns], layout_geoelf_diagonals,
          serial_shops, nicolae_shop_overgrown_old_shop, nicolae_stop_n_shop_2
Elf:3:    minmay_elf_hall_circle, layout_geoelf_grid, serial_shops, shop,
          minivault_16, abandoned_shop, billiards_dpeg, uniq_roxanne,
          uniq_asterion
Vaults:1: gammafunk_ghost_grave, v_misc_10, nicolae_vaults_tetromino_T_2,
          nicolae_vaults_network_s, grunt_vaults_hallway_long,
          hangedman_vaults_impose, nicolae_vaults_storage_closets_3,
          nicolae_vaults_twisting_passages, nicolae_vaults_rhombus_6,
          vaults_room_grunt_arrival_ludios, grunt_vaults_focal, v_misc_30,
          vaults_room_hallway, layout_vaults_ring
Vaults:2: portal_desolation_entry_ruin, nicolae_vaults_sightless_eye,
          nicolae_vaults_network_square, nicolae_vaults_closet_pinwheel_2,
          nicolae_vaults_security_offices_1,
          nicolae_vaults_offset_grid_hallway_1, nicolae_vaults_wrenched,
          nicolae_vaults_tetromino_T_1, nicolae_vaults_trapezoid_3, v_misc_23,
          nicolae_vaults_shrinking_rooms_1, nicolae_vaults_what_the_h,
          nicolae_vaults_trapezoid_4, layout_vaults_maze_bifur, serial_shops,
          nicolae_square_shop
Vaults:3: vaults_room_hallway, nicolae_vaults_apartment_1, st_octagons_1,
          v_misc_14, nicolae_vaults_hexular_roomagon,
          nicolae_vaults_double_plus_2, nicolae_vaults_offset_grid_hallway_3,
          nicolae_vaults_tetromino_T_2, nicolae_vaults_more_shelving_1,
          hangedman_vaults_cutoff, hangedman_vaults_nails,
          hangedman_vaults_slice, v_misc_14, v_misc_24,
          nicolae_vaults_tetromino_L_1, nicolae_vaults_six-pack,
          nicolae_vaults_tetromino_Z_1, layout_vaults_omnicross,
          minmay_crypt_entry_simple_box, serial_shops, shop
Vaults:4: v_pattern_3, v_misc_4, nicolae_vaults_steering_wheel, v_misc_27,
          nicolae_vaults_variable_pillar_hall, hangedman_vaults_cutoff,
          nicolae_vaults_taking_the_gang_shopping, layout_vaults_big_room
Vaults:5
Depths:1: layout_cave_shapes, enter_ziggurat_a, grunt_pan_entry_in_and_out,
          grunt_hell_entry_dis_grunt, zin_purify
Depths:2: nzn_winding_woodlands_small [nzn_winding_woodlands_5x15_default,
          nzn_winding_woodlands_center_lodge,
          nzn_winding_woodlands_5x15_jagged], layout_gridville,
          hangedman_geh_valley, grunt_pan_entry_sceptre, nrook_campfire,
          minmay_staircase_statues
Depths:3: minmay_heptahexagon, layout_cave_shapes, hell_entry,
          hangedman_abyss_entry_splay, minmay_checkered_concentric_circles
Depths:4: grunt_x_marks_the_spot, layout_basic, lightli_too_deep, abyss_entry,
          minmay_misc_feat_encased, nicolae_shop_dragon_depot,
          minmay_misc_feat_columns, minmay_st_funbox
Zot:1:    layout_misc_corridors
Zot:2:    nicolae_moth_party, layout_gridlike, zot_minivault_4
Zot:3:    layout_gridlike, hangedman_player_shredder, grunt_megastairs_5
Zot:4:    layout_cathedral_of_symmetry, lemuel_baited_zot_trap
Zot:5:    layout_basic, drop_trap, grunt_ministairs_6

Skill      XL: |  1  2  3  4  5  6  7  8  9 10 11 12 13 14 15 16 17 18 19 20 21 22 23 24 25 |
---------------+----------------------------------------------------------------------------+-----
Axes           | 4 5 6 7 8 10 14 18 19 23 26 27 | 27.0
Shields        | 2 3 4 5 7 9 11 17 20 24 27 | 27.0
Fighting       | 4 7 10 17 21 25 27 | 27.0
Evocations     | 1 12 18 | 18.6
Armour         | 4 11 12 16 19 24 | 24.5
Dodging        | 4 6 |  6.0

Action                     |  1- 3 |  4- 6 |  7- 9 | 10-12 | 13-15 | 16-18 | 19-21 | 22-24 | 25-27 || total
---------------------------+-------+-------+-------+-------+-------+-------+-------+-------+-------++-------
  Melee: Mace              |    80 |    58 |   106 |       |       |       |       |       |       ||   244
         Hand axe          |     5 |       |       |       |       |       |       |       |       ||     5
         Headbutt          |    14 |    17 |    53 |    83 |   175 |   313 |   336 |   315 |    95 ||  1401
         Flail             |       |    73 |       |       |       |       |       |       |       ||    73
         Broad axe         |       |       |   186 |   526 |  1106 |  1319 |  1131 |  1420 |   415 ||  6103
  Throw: Stone             |       |       |       |       |       |     2 |       |       |       ||     2
 Invoke: Trog's Hand       |       |     2 |     6 |     5 |     9 |     8 |     3 |    14 |     6 ||    53
         Berserk           |       |     1 |     2 |     1 |       |       |       |       |       ||     4
         Brothers in Arms  |       |       |       |     2 |     1 |     2 |     2 |     1 |     1 ||     9
  Evoke: Box of beasts     |       |       |       |       |       |     3 |     1 |       |     1 ||     5
         Condenser vane    |       |       |       |       |       |     2 |     2 |       |       ||     4
         Phial of floods   |       |       |       |       |       |     1 |       |       |       ||     1
         Lightning rod     |       |       |       |       |       |     2 |       |       |       ||     2
         Phantom mirror    |       |       |       |       |       |       |     3 |       |     1 ||     4
         Wand              |       |       |       |       |       |       |       |       |     9 ||     9
    Use: Scroll            |     4 |       |    12 |     9 |    10 |     7 |     4 |     4 |       ||    50
         Potion            |     1 |       |     2 |       |     5 |     4 |     3 |     3 |     5 ||    23
   Stab: Petrified         |       |       |       |       |    16 |       |       |       |       ||    16
 Armour: Animal skin       |     3 |       |       |       |       |       |       |       |       ||     3
         Leather armour    |    18 |       |       |       |       |       |       |       |       ||    18
         Chain mail        |    12 |   103 |   130 |       |       |       |       |       |       ||   245
         Plate armour      |       |       |    14 |    52 |       |       |       |       |       ||    66
         Crystal plate arm |       |       |       |   247 |   530 |   679 |   475 |   694 |   189 ||  2814
  Dodge: Dodged            |    55 |    50 |   107 |   187 |   307 |   311 |   196 |   209 |    62 ||  1484
  Block: Kite shield       |    24 |    79 |   145 |   281 |    97 |       |       |       |       ||   626
         Tower shield      |       |       |       |       |   797 |  1391 |   996 |  1825 |   551 ||  5560
         Reflection        |       |       |       |       |       |       |     2 |    69 |    11 ||    82
